Map: Rooftop Terrace

Players

Zebron - Winner!

  • Race: Protoss Protoss
  • League: Diamond

Ryuk - Winner!

  • Race: Terran Terran
  • League: Diamond

Ferdia - Winner!

  • Race: Protoss Protoss
  • League: Diamond

NinjaTurtlez - Winner!

  • Race: Terran Terran

KINNIKUMAN

  • Race: Zerg Zerg

luumato

  • Race: Zerg Zerg

Øcult

  • Race: Zerg Zerg

SanGar

  • Race: Zerg Zerg

VOD

Have the link to the VOD?

Description

Time

  • Played on: Oct. 22, 2016, 1:54 p.m.
  • Length: 23:39
Show
View Real Time Build Order
Export as new Build Order

Zebron Protoss - Winner!

Build Orders: 1 Gate Expand 

Get SALT Encoding   

  12  0:01  Probe (Chrono Boost)  
  13  0:11  Probe (Chrono Boost)  
  14  0:23  Pylon  
  14  0:25  Probe (Chrono Boost)  
  15  0:41  Probe (Chrono Boost)  
  15  0:42  Gateway  
  16  0:46  Assimilator  
  16  0:52  Probe (Chrono Boost)  
  17  1:22  Nexus, Unknown  
  17  1:36  Cybernetics Core  
  17  1:38  Gateway  
  17  1:50  Probe (Chrono Boost)  
  17  1:53  Assimilator  
  18  1:57  Pylon  
  18  2:05  Probe (Chrono Boost)  
  19  2:14  Adept  
  19  2:15  Probe (Chrono Boost)  
  22  2:33  Probe (Chrono Boost), Unknown  
  23  2:38  Probe (Chrono Boost)  
  25  2:46  Mothership Core (Chrono Boost)  
  25  2:49  Probe (Chrono Boost)  
  25  2:51  Adept  
  29  2:52  Adept  
  31  3:03  Probe (Chrono Boost)  
  31  3:04  Probe (Chrono Boost)  
  33  3:14  Probe (Chrono Boost)  
  33  3:15  Probe (Chrono Boost)  
  35  3:20  Stalker x2  
  35  3:24  Probe (Chrono Boost)  
  35  3:25  Probe (Chrono Boost)  
  41  3:32  Robotics Facility  
  41  3:40  Probe x2 (Chrono Boost)  
  43  3:46  Pylon  
  43  3:50  Sentry  
  43  3:52  Probe (Chrono Boost)  
  46  4:04  Probe (Chrono Boost)  
  46  4:05  Probe (Chrono Boost)  
  48  4:15  Probe x2 (Chrono Boost), Robotics Facility  
  50  4:25  Probe (Chrono Boost)  
  50  4:26  Probe (Chrono Boost)  
  52  4:31  Warp Gate  
  52  4:32  Pylon  
  52  4:39  Probe x2 (Chrono Boost)  
  52  4:44  Assimilator  
  54  4:50  Probe (Chrono Boost), Immortal  
  54  4:52  Probe (Chrono Boost)  
  60  4:56  Pylon  
  60  5:01  Probe (Chrono Boost)  
  61  5:09  Assimilator  
  62  5:14  Probe (Chrono Boost), Stalker, Immortal  
  62  5:15  Probe (Chrono Boost)  
  69  5:25  Probe (Chrono Boost)  
  70  5:33  Robotics Bay  
  70  5:40  Gateway  
  70  5:43  Gateway  
  70  5:45  Gateway  
  70  5:55  Pylon  
  70  5:58  Pylon  
  70  6:10  Nexus, Unknown  
  70  6:14  Observer, Pylon, Immortal  
  70  6:16  Pylon  
  75  6:24  Probe (Chrono Boost)  
  77  6:26  Probe (Chrono Boost)  
  77  6:33  Disruptor  
  77  6:38  Probe (Chrono Boost)  
  81  6:48  Probe (Chrono Boost)  
  81  6:49  Disruptor  
  81  6:50  Probe (Chrono Boost)  
  86  7:04  Disruptor  
  86  7:05  Probe (Chrono Boost)  
  86  7:06  Probe (Chrono Boost)  
  88  7:10  Pylon  
  88  7:11  Pylon  
  91  7:18  Probe x2 (Chrono Boost)  
  91  7:19  Twilight Council  
  91  7:20  Disruptor  
  91  7:22  Unknown  
  97  7:30  Probe (Chrono Boost)  
  97  7:35  Disruptor  
  100  7:46  Probe (Chrono Boost)  
  100  7:47  Probe x2 (Chrono Boost)  
  100  7:51  Disruptor  
  108  7:59  Probe (Chrono Boost)  
  108  8:00  Probe (Chrono Boost)  
  108  8:01  Probe (Chrono Boost)  
  108  8:04  Assimilator  
  108  8:05  Assimilator  
  109  8:06  Disruptor  
  109  8:09  Gateway  
  109  8:11  Gateway  
  109  8:12  Probe x3 (Chrono Boost), Gateway  
  115  8:16  Gateway  
  115  8:20  Gateway  
  115  8:22  Probe (Chrono Boost), Disruptor  
  115  8:24  Probe x2 (Chrono Boost)  
  121  8:37  Probe (Chrono Boost), Forge, Disruptor  
  121  8:39  Probe x2 (Chrono Boost)  
  121  8:40  Forge  
  121  8:41  Forge  
  127  9:01  Nexus, Unknown  
  127  9:04  Pylon  
  127  9:06  Protoss Shields Level 1, Protoss Ground Armor Level 1  
  127  9:07  Pylon  
  127  9:08  Pylon  
  127  9:11  Pylon  
  127  9:21  Protoss Ground Weapons Level 1  
  127  9:28  Pylon  
  127  9:29  Pylon x2  
  129  9:31  Pylon  
  129  9:32  Pylon, Warp Prism, Disruptor  
  129  9:36  Pylon  
  129  9:37  Stalker x2  
  136  9:38  Stalker  
  138  10:13  Unknown  
  123  10:25  Stalker x2  
  123  10:26  Stalker x6  
  123  10:27  Disruptor x2  
  135  11:05  Stalker x5  
  135  11:06  Stalker x4  
  153  11:39  Disruptor x2  
  144  12:04  Stalker  
  144  12:05  Stalker x8  
  162  12:14  Disruptor  
  161  12:32  Immortal  
  164  12:51  Immortal  
  162  13:12  Immortal  
  164  13:30  Immortal  
  164  13:37  Protoss Ground Armor Level 2, Protoss Shields Level 2  
  137  13:55  Protoss Ground Weapons Level 2  
  111  13:58  Immortal  
  111  14:00  Zealot  
  111  14:01  Zealot x8  
  114  14:09  Immortal  
  118  14:16  Nexus, Unknown  
  118  14:22  Sentry x3  
  124  14:38  Immortal  
  128  14:40  Stalker x2  
  132  15:09  Immortal  
  132  15:13  Stalker  
  136  15:14  Sentry  
  138  15:28  Unknown  
  138  15:37  Protoss Ground Armor Level 3, Protoss Shields Level 3  
  122  16:15  Immortal  
  124  16:27  Immortal  
  128  16:44  Templar Archives  
  128  17:01  Immortal  
  132  17:06  Immortal  
  102  17:26  High Templar x4  
  102  17:27  High Templar x3  
  102  17:28  Zealot x2  
  102  17:29  Zealot  
  81  18:33  Archon x3  
Show
View Real Time Build Order
Export as new Build Order

Ryuk Terran - Winner!

Build Orders: Mech 

Get SALT Encoding   

  12  0:02  SCV  
  13  0:14  SCV  
  13  0:19  Supply Depot  
  14  0:26  SCV  
  15  0:33  Refinery  
  15  0:41  SCV  
  16  0:45  Barracks  
  16  0:53  SCV  
  17  1:02  Refinery  
  17  1:05  SCV  
  18  1:17  SCV  
  19  1:32  Orbital Command  
  19  1:34  Factory  
  19  1:52  Barracks Reactor  
  19  1:57  SCV  
  20  2:10  SCV  
  21  2:22  SCV  
  22  2:25  Supply Depot  
  22  2:33  Command Center, Unknown  
  22  2:44  SCV  
  22  2:46  Factory, Widow Mine  
  22  2:48  Widow Mine  
  27  2:57  SCV  
  28  3:09  SCV  
  28  3:10  Barracks Tech Lab  
  29  3:15  Widow Mine  
  31  3:40  Supply Depot  
  31  3:44  SCV, Factory, Unknown, Widow Mine  
  34  3:51  Cyclone  
  34  3:55  Widow Mine  
  40  3:56  SCV  
  40  3:57  Mag-Field Accelerator  
  40  3:59  Barracks Tech Lab  
  40  4:01  Orbital Command  
  41  4:08  SCV  
  42  4:20  SCV  
  42  4:21  Widow Mine  
  45  4:25  Supply Depot  
  45  4:29  Cyclone  
  49  4:35  SCV x2  
  51  4:42  Infernal Pre-Igniter  
  51  4:46  Cyclone  
  51  4:48  Supply Depot  
  51  4:51  SCV x2  
  51  4:52  Supply Depot  
  57  5:02  Cyclone  
  61  5:08  SCV  
  61  5:10  SCV, Hellion x2  
  61  5:11  Supply Depot  
  67  5:29  SCV  
  67  5:30  SCV  
  67  5:34  Supply Depot  
  69  5:37  Hellion x2  
  69  5:38  Cyclone  
  77  5:43  Command Center, Unknown  
  77  5:48  SCV x2  
  79  5:54  Armory, Refinery  
  79  5:55  Refinery  
  79  6:00  SCV x2  
  81  6:04  Cyclone  
  81  6:05  Hellion x2  
  81  6:09  Supply Depot  
  89  6:12  SCV  
  90  6:53  Siege Tank  
  90  6:54  Siege Tank  
  88  6:55  Unknown  
  88  6:57  Hellion x2  
  88  6:58  SCV  
  88  6:59  SCV  
  88  7:01  Terran Vehicle Weapons Level 1, Armory  
  94  7:07  Orbital Command  
  94  7:10  SCV  
  94  7:14  Refinery  
  95  7:20  Hellion x2  
  99  7:24  SCV x2, Supply Depot  
  99  7:29  Orbital Command  
  104  7:30  Siege Tank x2  
  104  7:33  Supply Depot, Refinery  
  107  7:42  Hellion x2  
  111  8:02  SCV x3  
  111  8:03  Factory  
  111  8:04  Factory  
  114  8:51  Siege Tank x2  
  114  8:53  Hellion x2  
  124  8:55  Factory Tech Lab  
  124  8:57  Factory Tech Lab  
  124  8:59  SCV  
  124  9:00  SCV x2  
  127  9:05  Command Center, Unknown  
  127  9:11  SCV  
  127  9:12  SCV  
  127  9:13  Terran Vehicle Weapons Level 2  
  127  9:14  Terran Vehicle And Ship Armor Level 1  
  127  9:15  Supply Depot  
  129  9:18  Supply Depot  
  129  9:19  Siege Tank  
  129  9:20  Supply Depot  
  132  9:37  Hellion x3, Siege Tank  
  141  9:40  Siege Tank  
  80  9:55  Cyclone  
  80  9:58  Hellion x2, Cyclone  
  92  10:09  Cyclone  
  92  10:12  Cyclone  
  93  10:16  Unknown  
  93  10:20  Hellion  
  95  10:23  Hellion  
  95  10:28  Cyclone  
  101  10:30  Cyclone  
  101  10:32  Drilling Claws  
  101  10:34  Factory  
  105  10:36  Supply Depot  
  105  10:37  SCV  
  105  10:38  SCV x2  
  105  10:41  Hellion, Cyclone  
  114  10:44  Hellion, Cyclone  
  114  10:49  SCV  
  121  10:54  Supply Depot  
  121  10:55  Supply Depot  
  121  10:59  Supply Depot  
  121  11:00  Cyclone  
  121  11:01  Refinery  
  121  11:02  Cyclone  
  121  11:03  Hellion  
  131  11:04  Refinery  
  131  11:06  Hellion  
  133  11:13  Cyclone  
  133  11:16  Hellion  
  139  11:24  Hellion  
  141  11:27  Hellion  
  141  11:32  Cyclone  
  145  11:34  Cyclone  
  145  11:38  Hellion  
  151  11:45  Hellion, Cyclone  
  155  11:48  Hellion  
  155  11:59  Cyclone  
  159  12:04  Cyclone  
  159  12:07  Hellion  
  165  12:12  Siege Tank  
  165  12:13  Hellion  
  170  12:17  Siege Tank  
  171  12:28  Hellion  
  159  12:31  Siege Tank  
  159  12:34  Hellion  
  159  12:36  Siege Tank  
  151  12:44  Siege Tank  
  151  12:49  Hellion, Cyclone  
  158  12:56  Hellion  
  160  13:03  Cyclone  
  164  13:08  Cyclone  
  164  13:11  Hellion  
  164  13:16  Thor  
  164  13:17  Hellion  
  150  13:21  Thor  
  137  13:32  Hellion  
  124  13:35  Thor  
  124  13:40  Thor  
  130  13:41  Hellion  
  130  13:44  SCV  
  131  13:54  Hellion  
  133  13:59  Thor  
  125  14:04  Thor  
  125  14:06  Hellion  
  130  14:15  Hellion  
  132  14:18  Thor  
  132  14:23  Thor  
  137  14:28  Hellion  
  136  14:38  Starport  
  132  14:40  Starport  
  132  14:41  Starport  
  132  14:42  Cyclone  
  132  14:44  SCV  
  132  14:45  SCV  
  121  14:47  Cyclone  
  103  15:01  Cyclone  
  103  15:06  Cyclone  
  105  15:14  Cyclone  
  105  15:19  Cyclone  
  101  15:30  Hellion x2  
  101  15:33  Cyclone  
  99  15:38  Cyclone  
  94  15:46  Terran Vehicle And Ship Armor Level 2, Cyclone  
  98  15:51  Hellion, Cyclone  
  98  15:52  Hellion  
  105  16:05  Hellion  
  105  16:10  Hellion  
  109  16:13  Hellion x2  
  109  16:18  Cyclone  
  117  16:23  Cyclone  
  119  16:26  Cyclone  
  119  16:31  Cyclone  
  123  16:34  Hellion x2  
  125  16:55  Cyclone x2  
  125  16:58  Cyclone  
  65  17:32  Cyclone  
  65  17:33  Hellion  
  71  18:01  Orbital Command  
  61  18:40  Cyclone  
  30  20:23  Orbital Command  
  30  20:55  Cyclone  
  34  21:14  Cyclone x2  
  42  21:28  Cyclone  
  46  21:36  Cyclone  
  50  21:46  Cyclone  
  54  22:05  Refinery  
  54  22:07  Refinery  
  54  22:48  Hellion x6  
  66  23:15  Hellion x2  
  66  23:16  Hellion  
Show
View Real Time Build Order
Export as new Build Order

Ferdia Protoss - Winner!

Build Orders: 1 Gate Expand, Phoenix Opening 

Get SALT Encoding   

  12  0:01  Probe (Chrono Boost)  
  13  0:12  Probe (Chrono Boost)  
  14  0:22  Pylon  
  14  0:26  Probe (Chrono Boost)  
  15  0:41  Gateway  
  15  0:50  Probe (Chrono Boost)  
  15  0:53  Assimilator  
  16  1:01  Probe (Chrono Boost)  
  17  1:11  Probe (Chrono Boost)  
  18  1:28  Nexus, Unknown  
  18  1:30  Probe (Chrono Boost)  
  19  1:42  Cybernetics Core  
  19  1:44  Probe (Chrono Boost)  
  20  1:48  Assimilator  
  20  1:56  Pylon  
  20  2:00  Probe (Chrono Boost)  
  21  2:19  Mothership Core (Chrono Boost)  
  23  2:37  Probe (Chrono Boost)  
  23  2:39  Unknown  
  23  2:40  Probe (Chrono Boost)  
  23  2:43  Assimilator  
  25  2:47  Assimilator  
  25  2:48  Probe (Chrono Boost)  
  25  2:51  Probe (Chrono Boost)  
  28  2:58  Probe (Chrono Boost)  
  28  3:00  Stargate  
  28  3:01  Probe (Chrono Boost)  
  29  3:10  Stargate  
  29  3:15  Probe x2 (Chrono Boost)  
  31  3:25  Probe (Chrono Boost)  
  31  3:26  Probe (Chrono Boost)  
  33  3:36  Probe x2 (Chrono Boost)  
  35  3:44  Phoenix  
  37  3:49  Probe x2 (Chrono Boost)  
  37  3:52  Phoenix  
  37  3:53  Pylon  
  42  4:04  Probe x2 (Chrono Boost)  
  42  4:08  Pylon  
  43  4:14  Phoenix  
  43  4:16  Phoenix  
  49  4:25  Probe x2 (Chrono Boost)  
  49  4:36  Phoenix  
  51  4:39  Probe x2 (Chrono Boost)  
  51  4:40  Pylon  
  53  4:57  Probe (Chrono Boost)  
  53  4:58  Probe (Chrono Boost)  
  53  4:59  Fleet Beacon  
  55  5:08  Phoenix  
  55  5:09  Probe (Chrono Boost), Phoenix  
  55  5:10  Probe (Chrono Boost)  
  63  5:22  Probe x2 (Chrono Boost)  
  63  5:33  Phoenix x2  
  63  5:40  Probe x2 (Chrono Boost)  
  69  5:49  Nexus, Unknown  
  69  5:51  Assimilator  
  69  5:52  Probe (Chrono Boost)  
  70  5:59  Assimilator  
  70  6:09  Pylon  
  70  6:10  Pylon  
  70  6:11  Anion Pulse-Crystals  
  70  6:24  Phoenix x2  
  70  6:29  Probe x2 (Chrono Boost), Pylon  
  70  6:30  Pylon  
  76  6:33  Pylon  
  76  6:34  Pylon  
  76  6:50  Phoenix x2  
  78  7:00  Unknown  
  78  7:04  Protoss Air Armor Level 1  
  78  7:06  Stargate  
  78  7:07  Stargate  
  78  7:09  Stargate  
  78  7:14  Probe (Chrono Boost)  
  81  7:16  Probe x2 (Chrono Boost)  
  81  7:25  Probe (Chrono Boost)  
  81  7:28  Probe x2 (Chrono Boost)  
  78  7:43  Phoenix x2  
  80  8:19  Void Ray x2  
  80  8:21  Void Ray x2  
  80  8:23  Void Ray  
  90  8:30  Nexus, Unknown  
  84  8:59  Protoss Air Weapons Level 1  
  84  9:02  Void Ray x2  
  84  9:07  Void Ray x2  
  100  9:15  Forge  
  100  9:18  Pylon  
  100  9:22  Pylon  
  100  9:28  Pylon  
  100  9:30  Pylon  
  100  9:33  Probe x2 (Chrono Boost)  
  102  9:40  Void Ray  
  102  9:41  Unknown  
  108  9:45  Probe x2 (Chrono Boost)  
  108  9:54  Nexus, Unknown  
  108  9:56  Assimilator  
  108  9:58  Assimilator, Void Ray  
  108  10:03  Void Ray x2  
  122  10:22  Probe x2 (Chrono Boost)  
  122  10:25  Nexus, Unknown  
  122  10:34  Probe (Chrono Boost)  
  122  10:35  Probe (Chrono Boost)  
  116  10:46  Probe (Chrono Boost)  
  116  10:47  Probe (Chrono Boost)  
  94  10:53  Carrier x2  
  90  10:59  Probe x2 (Chrono Boost)  
  100  11:05  Unknown  
  100  11:09  Protoss Air Weapons Level 2  
  100  11:11  Probe x2 (Chrono Boost)  
  103  11:27  Probe x3 (Chrono Boost)  
  101  11:37  Unknown  
  101  11:39  Probe x3 (Chrono Boost)  
  104  11:51  Probe (Chrono Boost)  
  105  11:54  Graviton Catapult, Carrier  
  111  12:05  Carrier  
  123  12:17  Carrier  
  128  12:47  Nexus, Unknown  
  128  12:49  Carrier  
  128  12:50  Assimilator  
  112  12:59  Carrier  
  116  13:07  Protoss Air Armor Level 2  
  116  13:34  Carrier  
  116  13:45  Carrier x2  
  134  13:58  Unknown  
  134  14:03  Nexus, Unknown  
  134  14:07  Assimilator  
  134  14:08  Pylon  
  134  14:12  Forge  
  134  14:17  Assimilator  
  134  14:28  Carrier  
  134  14:39  Carrier  
  146  14:58  Carrier  
  146  15:03  Protoss Air Weapons Level 3  
  152  15:15  Unknown  
  152  15:19  Carrier x2  
  164  15:29  Photon Cannon  
  164  15:31  Photon Cannon  
  164  15:33  Photon Cannon  
  164  15:36  Photon Cannon  
  164  15:40  Pylon  
  164  15:49  Carrier  
  154  16:05  Carrier  
  160  16:13  Carrier  
  166  16:45  Carrier  
  172  16:52  Pylon  
  172  16:55  Pylon x2  
  172  16:58  Pylon  
  172  17:07  Pylon x2  
  172  17:08  Pylon  
  172  17:11  Nexus, Unknown  
  172  17:12  Carrier  
  130  18:22  Unknown  
  113  18:38  Mothership Core (Chrono Boost)  
  101  19:27  Nexus, Unknown  
  101  20:02  Probe (Chrono Boost)  
  103  20:14  Probe (Chrono Boost)  
  103  20:26  Probe (Chrono Boost)  
  104  20:38  Probe (Chrono Boost)  
  104  20:39  Unknown  
  106  20:50  Probe (Chrono Boost)  
  106  21:02  Probe (Chrono Boost)  
  107  21:15  Probe (Chrono Boost)  
Show
View Real Time Build Order
Export as new Build Order

NinjaTurtlez Terran - Winner!

Build Orders: Hellion Opening, Mech 

Get SALT Encoding   

  12  0:02  SCV  
  13  0:14  SCV  
  14  0:26  SCV  
  14  0:28  Supply Depot  
  15  0:42  Refinery  
  16  0:50  SCV, Barracks  
  16  1:02  SCV  
  17  1:07  Refinery  
  17  1:14  SCV  
  18  1:26  SCV  
  19  1:38  SCV  
  20  1:41  Factory  
  20  1:50  SCV  
  21  1:58  Barracks Reactor  
  21  2:02  SCV  
  22  2:10  Command Center, Unknown  
  22  2:14  SCV  
  23  2:29  Supply Depot  
  23  2:45  Orbital Command  
  23  2:51  Hellion x2  
  27  2:56  Reaper  
  28  3:13  Hellion  
  28  3:19  Hellion  
  32  3:20  SCV, Supply Depot  
  32  3:21  Supply Depot, Unknown  
  33  3:31  Factory  
  33  3:39  SCV  
  34  3:43  SCV  
  35  3:51  SCV  
  35  3:52  Barracks Tech Lab  
  35  3:53  Hellion  
  38  3:59  Hellion  
  40  4:08  SCV  
  40  4:09  SCV  
  42  4:19  Factory  
  42  4:20  SCV  
  42  4:21  SCV  
  44  4:38  Hellion x2  
  48  4:39  Cyclone  
  48  4:40  SCV  
  48  4:44  Orbital Command  
  53  4:54  Barracks Tech Lab  
  53  5:01  Factory  
  53  5:05  Factory  
  53  5:16  Factory Tech Lab  
  50  5:44  Cyclone x2  
  50  5:47  Factory Tech Lab  
  50  5:48  Factory Tech Lab  
  58  5:53  Armory  
  58  5:57  Armory  
  58  6:00  Engineering Bay  
  58  6:06  Hellion x2  
  58  6:08  SCV x2  
  58  6:09  Command Center, Unknown  
  64  6:20  SCV  
  64  6:21  SCV  
  64  6:25  Cyclone  
  70  6:36  Supply Depot  
  70  6:37  Supply Depot x2  
  70  6:38  Cyclone  
  66  6:51  SCV  
  66  6:52  SCV  
  68  6:58  Siege Tank x2  
  68  7:00  Supply Depot  
  68  7:01  Supply Depot  
  74  7:02  Supply Depot  
  74  7:04  SCV  
  74  7:05  Siege Tank  
  74  7:07  SCV  
  79  7:16  Missile Turret  
  79  7:17  Missile Turret  
  79  7:20  Unknown  
  79  7:23  Refinery  
  79  7:25  Missile Turret  
  79  7:27  Missile Turret  
  79  7:30  SCV x2  
  79  7:31  Refinery  
  79  7:36  Siege Tank  
  84  7:38  SCV  
  85  7:57  Thor  
  85  7:58  Widow Mine  
  91  8:01  Widow Mine  
  91  8:05  SCV x2  
  98  8:07  Orbital Command  
  97  8:17  SCV  
  98  8:22  Siege Tank  
  98  8:23  Widow Mine  
  98  8:27  SCV  
  104  8:29  SCV, Widow Mine x2  
  109  8:39  SCV  
  110  8:55  Cyclone x2  
  118  8:59  Siege Tank  
  118  9:02  SCV x2  
  123  9:03  SCV  
  123  9:05  Refinery  
  123  9:07  Refinery  
  124  9:12  Siege Tank  
  124  9:14  SCV x2  
  124  9:15  SCV  
  124  9:17  Marine  
  131  9:28  Supply Depot  
  131  9:29  Supply Depot x2  
  131  9:30  Supply Depot  
  131  9:31  Supply Depot  
  131  9:32  Supply Depot x3  
  131  9:33  Supply Depot x2  
  131  9:41  Missile Turret  
  131  9:50  Cyclone x2  
  131  9:51  Cyclone x2  
  147  10:01  Missile Turret  
  121  10:22  Cyclone  
  121  10:28  Siege Tank x3  
  131  10:29  Hellion  
  131  10:30  Hellion  
  131  10:34  Marine  
  128  10:51  Marine, Hellion x2  
  128  10:54  Siege Tank  
  120  11:00  Siege Tank x3  
  100  11:09  Marine  
  101  11:11  SCV  
  101  11:12  SCV x2  
  101  11:16  Factory x2  
  101  11:17  Factory  
  104  11:27  Marine, Siege Tank  
  104  11:32  Siege Tank x2  
  105  11:47  Hellion x3  
  105  11:51  SCV x3  
  106  12:03  SCV  
  98  12:13  Hellion x3  
  98  12:14  Hellion x5  
  110  12:29  Cyclone  
  111  12:40  Factory Tech Lab x3  
  111  12:41  Siege Tank x3  
  119  12:45  Terran Vehicle Weapons Level 1, Terran Vehicle And Ship Armor Level 1  
  117  13:01  Siege Tank  
  108  13:10  Siege Tank  
  108  13:11  Siege Tank x2  
  108  13:12  Hellion x2  
  121  13:13  Siege Tank x3  
  122  13:33  Hellion x3  
  106  13:43  Hellion x3  
  106  13:45  Thor x2, Widow Mine  
  126  13:54  Widow Mine x3  
  132  14:03  Widow Mine  
  132  14:09  Widow Mine x2  
  134  14:13  Widow Mine  
  138  14:22  Widow Mine x3  
  124  14:28  Widow Mine x2  
  128  14:32  Widow Mine  
  128  14:35  Command Center, Unknown  
  128  14:36  Command Center, Unknown  
  128  14:38  Widow Mine x2  
  117  14:39  Command Center, Unknown  
  117  14:42  Widow Mine  
  123  14:51  Widow Mine x3  
  129  14:56  Widow Mine x2  
  124  15:00  Widow Mine  
  124  15:06  Widow Mine x2  
  121  15:34  Thor x3  
  119  15:43  Siege Tank  
  125  15:54  Widow Mine x4  
  125  16:37  Thor x2  
  137  16:43  Refinery  
  137  16:52  Command Center, Unknown  
  137  16:57  Hellbat x5  
  147  17:05  Terran Vehicle Weapons Level 2  
  147  17:11  Terran Vehicle And Ship Armor Level 2  
  147  17:18  Hellbat x2  
  147  17:19  Hellbat x3  
  153  17:32  Siege Tank  
  156  17:42  Hellbat x6  
  166  18:03  Unknown, Hellbat x2  
  164  19:05  Siege Tank x5  
  132  19:37  Siege Tank x2  
  89  20:05  SCV x3  
  92  20:20  Hellion x7  
  106  20:52  Orbital Command  
  106  21:13  Siege Tank x3  
  115  21:49  Refinery  
  115  21:51  Widow Mine x7, Refinery  
  129  22:19  Widow Mine x4  
  137  22:41  Command Center, Unknown  
  137  22:42  Command Center x2, Unknown x2  
  137  23:10  Refinery  
  137  23:13  Refinery  
Show
View Real Time Build Order
Export as new Build Order

KINNIKUMAN Zerg 

Build Orders: Hatch First 

Get SALT Encoding   

  12  0:01  Drone  
  13  0:08  Drone  
  14  0:19  Overlord  
  14  0:39  Drone x3  
  17  0:58  Unknown, Hatchery  
  16  1:13  Spawning Pool  
  16  1:15  Drone  
  16  1:16  Drone  
  16  1:18  Extractor  
  16  1:21  Drone  
  17  1:27  Drone  
  18  1:38  Drone  
  19  1:50  Overlord  
  19  2:03  Roach Warren  
  19  2:04  Drone  
  19  2:10  Unknown  
  19  2:11  Drone  
  19  2:12  Queen  
  22  2:16  Queen  
  22  2:21  Drone  
  22  2:22  Drone  
  26  2:27  Drone  
  27  2:39  Metabolic Boost  
  27  2:45  Roach x2  
  31  2:55  Roach  
  31  2:56  Queen  
  35  3:01  Overlord  
  35  3:19  Queen  
  37  3:24  Drone  
  37  3:25  Drone x6  
  44  3:33  Spore Crawler  
  43  3:37  Drone  
  44  3:43  Overlord x2  
  44  3:54  Lair  
  44  3:56  Extractor  
  43  4:11  Drone x2  
  43  4:12  Drone x3  
  48  4:19  Drone x4  
  48  4:22  Extractor  
  48  4:23  Extractor  
  50  4:46  Overlord x3  
  50  4:50  Drone x4  
  50  4:51  Drone x2  
  56  4:57  Hydralisk Den  
  57  5:07  Roach x4  
  57  5:08  Roach  
  65  5:15  Spore Crawler  
  65  5:18  Drone x2  
  66  5:27  Roach  
  66  5:28  Roach x4  
  76  5:34  Queen  
  78  5:39  Hydralisk x3  
  84  5:43  Overlord  
  84  5:44  Overlord  
  84  5:50  Muscular Augments  
  84  6:09  Hydralisk  
  84  6:10  Hydralisk x3  
  92  6:18  Overseer  
  92  6:23  Overseer  
  92  6:27  Drone x2  
  92  6:28  Drone  
  95  6:37  Evolution Chamber  
  95  6:38  Hydralisk x3  
  95  6:39  Evolution Chamber  
  99  7:02  Zerg Missile Weapons Level 1  
  99  7:10  Overlord  
  99  7:11  Overlord x2  
  99  7:21  Unknown, Hatchery  
  98  7:23  Hydralisk  
  100  7:35  Zerg Ground Armor Level 1  
  100  7:39  Lurker Den  
  100  7:40  Hydralisk x3  
  100  7:41  Hydralisk x2  
  100  7:42  Infestation Pit  
  100  7:43  Unknown, Hatchery  
  108  8:04  Roach  
  108  8:05  Roach x2, Hydralisk x3  
  114  8:06  Hydralisk  
  122  8:26  Pathogen Glands  
  122  8:27  Nydus Network  
  122  8:28  Drone x2  
  122  8:29  Drone  
  122  8:32  Unknown  
  124  8:52  Spore Crawler, Queen  
  124  8:53  Drone x4  
  124  8:54  Overlord x3, Drone  
  124  8:55  Unknown  
  130  8:56  Overlord  
  130  8:59  Zerg Missile Weapons Level 2  
  130  9:28  Hydralisk  
  130  9:29  Hydralisk x2  
  136  9:31  Zerg Ground Armor Level 2, Hive  
  136  9:35  Infestor  
  96  10:06  Hydralisk  
  96  10:07  Hydralisk x5  
  80  10:08  Hydralisk  
  94  10:18  Roach x2  
  94  10:19  Roach x3  
  106  10:21  Roach  
  106  10:32  Hydralisk x2  
  106  10:34  Roach x2  
  98  11:02  Roach x5  
  98  11:03  Roach x2  
  110  11:11  Hydralisk x3  
  110  11:15  Extractor, Drone  
  110  11:16  Drone x6  
  110  11:17  Extractor, Drone  
  116  11:38  Hydralisk x3  
  116  11:39  Hydralisk x4  
  124  11:40  Hydralisk  
  126  11:50  Hydralisk x2  
  126  11:52  Queen  
  126  12:01  Extractor x2  
  118  12:27  Hydralisk x4  
  118  12:28  Queen, Hydralisk  
  106  12:40  Hydralisk x4  
  106  12:41  Hydralisk  
  114  12:45  Zergling x12  
  114  12:46  Zergling x4  
  98  13:09  Zergling x10  
  98  13:10  Zergling x4  
  87  13:26  Zergling x6  
  87  13:27  Zergling x12  
  85  13:33  Zergling x2  
  61  13:42  Adrenal Glands  
  61  13:43  Zergling x6  
  64  13:50  Hydralisk x2  
  68  14:01  Hydralisk  
  68  14:02  Hydralisk x2  
  64  14:04  Zergling x2  
  65  14:10  Hydralisk  
  65  14:11  Hydralisk x3  
  65  14:16  Hydralisk x4  
  81  14:24  Zergling x6  
  81  14:26  Zerg Melee Weapons Level 1  
  81  14:27  Zerg Ground Armor Level 3  
  84  14:59  Nydus Canal  
  84  15:11  Hydralisk x5  
  84  15:12  Hydralisk x5  
  104  15:26  Hydralisk  
  104  15:27  Hydralisk x3  
  112  15:32  Overseer  
  112  15:47  Overseer  
  112  15:48  Zergling x4  
  112  15:49  Zergling x12  
  120  15:50  Zergling x2  
  74  16:21  Zergling x6  
  74  16:22  Zergling x16  
  85  16:25  Zerg Melee Weapons Level 2  
  79  16:34  Nydus Canal  
  79  16:41  Zergling x8  
  81  17:06  Zergling x12  
  81  17:07  Zergling x12  
  80  17:39  Hydralisk  
  80  17:40  Hydralisk x5  
  80  17:41  Hydralisk x3  
  91  18:15  Hydralisk  
  91  18:16  Hydralisk x6  
  91  18:17  Hydralisk x2  
  100  18:27  Zergling x2  
  100  18:28  Zergling x4  
  79  19:06  Zergling x12  
  79  19:07  Zergling x12  
  79  19:08  Zergling x10  
  78  19:15  Zergling x2  
  69  19:21  Zergling x6  
  61  19:46  Hydralisk x4  
  61  19:47  Hydralisk  
  53  20:17  Lurker  
  53  20:19  Lurker  
Show
View Real Time Build Order
Export as new Build Order

luumato Zerg 

Build Orders: Hatch First 

Get SALT Encoding   

  12  0:01  Drone  
  13  0:10  Drone  
  14  0:35  Unknown, Hatchery  
  14  0:38  Drone  
  14  0:55  Spawning Pool  
  13  0:58  Drone  
  14  1:06  Overlord  
  14  1:24  Drone x3  
  17  1:35  Drone  
  18  1:42  Queen  
  18  1:46  Drone  
  21  1:47  Unknown  
  21  1:48  Queen  
  21  1:51  Drone  
  24  1:57  Drone  
  24  1:58  Drone  
  26  2:07  Drone  
  27  2:09  Drone  
  28  2:17  Extractor  
  28  2:20  Drone  
  28  2:27  Unknown, Hatchery  
  28  2:28  Drone  
  28  2:32  Overlord  
  28  2:37  Overlord  
  28  2:52  Extractor x2, Drone x2  
  28  2:54  Drone x4  
  28  2:57  Drone  
  33  3:05  Queen  
  35  3:11  Drone x2  
  37  3:19  Drone  
  38  3:23  Extractor  
  38  3:25  Lair  
  37  3:30  Drone x3  
  40  3:36  Drone x3  
  40  3:39  Unknown  
  43  3:50  Drone x5  
  43  3:54  Queen  
  50  4:15  Overlord  
  50  4:16  Overlord x2  
  50  4:28  Spine Crawler, Spore Crawler  
  48  4:35  Spire  
  47  4:41  Drone x3  
  47  4:43  Drone x2  
  47  4:44  Drone  
  53  4:47  Extractor, Drone x2  
  53  4:48  Drone x4  
  53  4:49  Extractor  
  57  5:04  Drone x2  
  59  5:14  Drone x4  
  61  5:17  Spore Crawler  
  61  5:19  Spore Crawler, Drone x2  
  61  5:20  Spore Crawler, Drone x2  
  64  5:37  Infestation Pit  
  63  5:45  Spine Crawler  
  63  5:48  Zerg Flyer Armor Level 1  
  63  5:49  Corruptor x2  
  66  5:51  Overlord x2  
  66  5:52  Overlord  
  66  6:09  Corruptor  
  66  6:10  Corruptor x4  
  66  6:11  Corruptor  
  76  6:15  Corruptor  
  76  6:16  Corruptor  
  82  6:20  Corruptor  
  82  6:24  Spore Crawler  
  83  6:31  Corruptor  
  85  6:45  Corruptor x2  
  89  6:50  Hive  
  89  6:51  Drone  
  90  7:00  Overlord x3  
  90  7:20  Corruptor x5  
  90  7:21  Corruptor x2  
  104  7:37  Corruptor  
  104  7:38  Corruptor x3  
  104  7:44  Corruptor  
  114  7:54  Corruptor  
  114  8:03  Overlord x3  
  112  8:24  Corruptor x3  
  112  8:25  Corruptor x3  
  118  8:50  Corruptor  
  118  8:51  Corruptor x3  
  112  9:05  Greater Spire  
  112  9:10  Spore Crawler  
  112  9:12  Spore Crawler, Drone  
  112  9:13  Drone  
  112  9:15  Spore Crawler  
  111  9:17  Spine Crawler  
  111  9:20  Spine Crawler, Drone x7  
  111  9:21  Spine Crawler  
  115  9:30  Viper  
  115  9:31  Viper  
  118  9:35  Viper  
  122  10:17  Viper x3  
  115  11:07  Zerg Flyer Armor Level 2  
  115  11:19  Brood Lord  
  115  11:20  Brood Lord x2  
  115  11:21  Brood Lord  
  115  11:22  Corruptor, Brood Lord  
  115  11:24  Corruptor  
  129  11:38  Corruptor x2  
  127  12:03  Corruptor x4  
  135  12:11  Corruptor  
  115  13:01  Corruptor  
  115  13:02  Corruptor x6  
  129  13:52  Brood Lord x4  
  131  14:31  Extractor  
  126  15:04  Corruptor x6  
  138  15:21  Zerg Flyer Armor Level 3  
  126  15:38  Corruptor  
  126  15:39  Corruptor x5  
  138  16:04  Spine Crawler  
  138  16:07  Spine Crawler  
  138  16:09  Spore Crawler  
  118  17:33  Corruptor  
  118  17:34  Corruptor x6  
  120  17:41  Corruptor  
  104  18:06  Corruptor  
  104  18:09  Corruptor  
  86  19:01  Corruptor  
  86  19:02  Corruptor  
Show
View Real Time Build Order
Export as new Build Order

Øcult Zerg 

Build Orders: Hatch First, Lurkers 

Get SALT Encoding   

  12  0:01  Drone  
  13  0:08  Drone  
  14  0:19  Overlord  
  14  0:38  Drone x3  
  17  0:56  Unknown, Hatchery  
  16  0:58  Drone  
  17  1:04  Extractor  
  17  1:07  Drone  
  17  1:23  Spawning Pool, Drone  
  17  1:28  Drone  
  18  1:33  Drone  
  19  1:43  Overlord  
  19  2:08  Unknown  
  19  2:09  Metabolic Boost  
  19  2:10  Queen  
  19  2:12  Queen  
  23  2:16  Zergling x4  
  23  2:22  Zergling x2  
  26  2:23  Evolution Chamber  
  26  2:24  Zergling x2  
  26  2:28  Drone  
  27  2:30  Drone  
  27  2:34  Drone  
  29  2:39  Drone  
  30  2:50  Zerg Melee Weapons Level 1  
  30  3:02  Drone x4  
  30  3:04  Drone  
  35  3:11  Overlord  
  35  3:17  Spore Crawler  
  34  3:21  Spore Crawler, Drone x2  
  34  3:45  Lair  
  34  3:46  Drone  
  34  3:47  Drone x5  
  38  3:53  Drone  
  38  3:56  Overlord  
  38  3:58  Drone  
  39  4:06  Extractor, Drone x4  
  39  4:07  Extractor, Drone  
  42  4:21  Drone x2  
  44  4:38  Pneumatized Carapace  
  44  4:40  Overlord, Drone x2  
  46  4:45  Overlord  
  46  4:46  Spore Crawler, Overlord x3  
  46  4:47  Spore Crawler  
  46  4:52  Hydralisk Den  
  43  4:53  Drone  
  44  5:01  Zerg Missile Weapons Level 1  
  44  5:04  Extractor  
  43  5:14  Unknown, Hatchery  
  42  5:15  Drone x2  
  42  5:18  Drone x2  
  46  5:23  Evolution Chamber  
  46  5:24  Hydralisk x3  
  46  5:26  Hydralisk  
  53  5:32  Hydralisk  
  53  5:33  Hydralisk  
  57  5:40  Drone  
  57  5:41  Drone x2  
  60  5:47  Overseer  
  60  5:49  Hydralisk x2  
  64  5:58  Zerg Ground Armor Level 1  
  64  6:14  Lurker Den  
  64  6:20  Spore Crawler, Drone  
  64  6:21  Drone  
  64  6:22  Spore Crawler  
  64  6:25  Queen, Unknown  
  66  6:26  Drone x2  
  66  6:27  Drone x6  
  66  6:32  Overlord x2  
  74  6:55  Drone x5  
  74  6:56  Drone x5  
  74  6:59  Extractor, Spore Crawler  
  74  7:00  Extractor  
  81  7:02  Hydralisk x3  
  81  7:05  Zerg Missile Weapons Level 2  
  87  7:23  Drone x2  
  87  7:24  Spore Crawler x2, Drone x3  
  87  7:25  Overlord x3  
  90  7:38  Infestation Pit  
  89  7:48  Lurker x3  
  89  7:49  Hydralisk x3  
  89  7:50  Hydralisk  
  100  7:53  Drone x2  
  102  8:04  Zerg Ground Armor Level 2  
  102  8:07  Drone  
  102  8:08  Drone  
  104  8:14  Unknown x2, Hatchery x2  
  104  8:16  Hive  
  102  8:23  Overlord x3  
  102  8:30  Hydralisk  
  102  8:31  Hydralisk x3  
  110  8:49  Hydralisk x6  
  110  8:50  Hydralisk  
  124  9:07  Overlord x2  
  124  9:08  Overlord x6  
  124  9:11  Overseer x3  
  124  9:16  Hydralisk x2  
  126  9:19  Lurker x3  
  131  9:25  Unknown x2  
  131  9:27  Zerg Missile Weapons Level 3  
  131  9:31  Queen  
  131  9:32  Ultralisk Cavern  
  131  9:34  Queen  
  134  9:54  Hydralisk  
  134  9:55  Hydralisk x8  
  116  10:20  Hydralisk x3  
  116  10:21  Hydralisk x6  
  108  10:30  Chitinous Plating  
  88  11:02  Hydralisk  
  88  11:03  Hydralisk x7  
  88  11:04  Hydralisk x3  
  106  11:11  Overseer x2  
  106  11:21  Zergling x14  
  106  11:22  Zergling x16  
  106  11:23  Zergling x2  
  122  11:26  Adrenal Glands  
  120  11:42  Ultralisk  
  120  11:45  Zergling x8  
  120  11:46  Zergling x14  
  93  12:10  Hydralisk x2  
  93  12:11  Hydralisk x8  
  93  12:12  Hydralisk x2  
  93  12:15  Zergling x8  
  119  12:27  Ultralisk  
  121  12:41  Ultralisk  
  121  12:51  Ultralisk  
  127  13:02  Ultralisk  
  133  13:07  Zergling x4  
  133  13:08  Zergling x16  
  133  13:09  Zergling x10  
  148  13:14  Ultralisk  
  129  13:32  Ultralisk  
  126  13:46  Ultralisk  
  109  13:56  Ultralisk  
  109  13:57  Zergling x10  
  109  13:58  Zergling x10  
  109  14:01  Zergling x2  
  107  14:32  Ultralisk x2  
  107  14:34  Zergling x2  
  107  14:35  Zergling x16  
  107  14:36  Zergling x8  
  121  14:48  Ultralisk, Drone  
  121  14:50  Zergling x14  
  121  14:51  Zergling x2  
  122  15:03  Ultralisk  
  122  15:05  Hydralisk x3  
  105  15:23  Ultralisk  
  105  15:24  Zergling x2  
  105  15:25  Zergling x12  
  118  15:50  Unknown, Hatchery  
  118  15:57  Hydralisk x5  
  116  16:15  Hydralisk x2  
  120  16:26  Zergling x8  
  124  16:53  Zergling x10  
  128  17:01  Unknown  
  113  17:22  Zergling x2  
  89  17:23  Zergling x10  
  77  17:35  Zergling x10  
  75  17:48  Lurker x2  
  66  18:03  Hydralisk  
  64  18:40  Hydralisk  
  64  18:41  Hydralisk x3  
  51  19:43  Hydralisk x2  
Show
View Real Time Build Order
Export as new Build Order

SanGar Zerg 

Build Orders: Hatch First 

Get SALT Encoding   

  12  0:03  Drone  
  13  0:10  Drone  
  14  0:19  Overlord  
  14  0:27  Extractor, Drone  
  15  0:38  Drone x2  
  17  1:07  Drone  
  18  1:11  Extractor  
  17  1:19  Unknown, Hatchery  
  17  1:24  Drone  
  17  1:25  Spawning Pool, Drone x2  
  18  1:39  Drone  
  19  1:51  Overlord  
  19  2:13  Queen  
  19  2:14  Metabolic Boost  
  22  2:15  Zergling x2  
  22  2:26  Drone x2  
  24  2:31  Unknown  
  24  2:34  Queen  
  24  2:36  Drone  
  27  2:49  Roach Warren  
  27  2:51  Queen  
  26  2:54  Drone x3  
  26  2:55  Drone x2  
  33  3:20  Overlord  
  33  3:22  Overlord  
  33  3:41  Drone  
  33  3:42  Extractor, Drone x6  
  39  3:49  Overlord  
  39  3:52  Lair  
  39  4:09  Drone  
  41  4:10  Roach, Drone x2  
  41  4:11  Roach x3  
  41  4:16  Roach x4  
  58  4:28  Spore Crawler  
  57  4:36  Overlord x2  
  57  4:41  Spore Crawler  
  57  4:42  Spore Crawler  
  55  4:49  Spore Crawler  
  55  4:52  Spore Crawler  
  53  4:57  Spore Crawler  
  51  5:09  Pneumatized Carapace  
  51  5:12  Glial Reconstitution  
  51  5:15  Drone x2  
  51  5:21  Roach x7  
  65  5:36  Overlord  
  65  5:37  Overlord x2  
  65  5:50  Overseer x2  
  65  5:51  Overlord x2  
  65  5:55  Ravager  
  64  6:11  Extractor, Drone x2  
  65  6:12  Drone x5  
  70  6:21  Queen  
  64  6:42  Ravager  
  64  6:43  Ravager x3  
  68  6:53  Drone  
  68  6:54  Drone x11  
  72  6:55  Spore Crawler  
  72  6:56  Queen  
  79  7:17  Unknown, Hatchery  
  79  7:18  Evolution Chamber  
  79  7:21  Evolution Chamber  
  76  7:26  Burrow  
  76  7:27  Tunneling Claws  
  76  7:28  Roach  
  76  7:29  Roach x2  
  82  7:47  Zerg Missile Weapons Level 1  
  82  8:00  Zerg Ground Armor Level 1  
  82  8:02  Extractor, Drone x2  
  82  8:03  Drone  
  84  8:13  Roach x3  
  84  8:14  Roach, Overlord x2  
  84  8:15  Overlord x2  
  92  8:28  Unknown  
  92  8:38  Drone  
  92  8:40  Roach x8  
  109  8:49  Spore Crawler  
  109  8:51  Spore Crawler  
  109  8:53  Spore Crawler, Queen  
  109  8:54  Spore Crawler  
  109  8:55  Drone x9  
  115  8:56  Drone  
  117  9:08  Infestation Pit  
  116  9:32  Extractor x2  
  116  9:36  Drone x3  
  116  9:37  Drone x2  
  116  9:38  Drone  
  119  9:47  Roach  
  119  9:48  Roach x4  
  119  9:49  Zerg Missile Weapons Level 2  
  119  9:52  Hive  
  129  10:12  Roach  
  129  10:13  Roach x10  
  123  10:21  Zerg Ground Armor Level 2  
  123  10:22  Roach x3  
  123  10:25  Overlord x3  
  129  10:30  Ravager  
  128  10:41  Ravager x2  
  93  11:05  Ravager x3  
  93  11:06  Ravager x5  
  101  11:13  Roach  
  101  11:14  Roach x6  
  109  11:37  Roach x11  
  131  11:46  Ravager  
  131  11:47  Ravager x2  
  120  12:25  Roach x2  
  120  12:26  Roach x16  
  120  12:29  Ravager  
  149  12:30  Ravager x2  
  125  13:06  Zerg Missile Weapons Level 3  
  125  13:07  Zerg Ground Armor Level 3  
  125  13:12  Ravager  
  85  13:42  Roach  
  85  13:43  Roach x15  
  85  13:46  Ravager  
  118  14:06  Ravager x3  
  118  14:09  Zergling x2  
  122  14:10  Zergling x14  
  129  14:28  Zergling x20  
  139  14:35  Unknown, Hatchery  
  139  14:38  Ravager  
  139  14:39  Ravager x6  
  141  14:58  Zergling x16  
  136  15:18  Zergling x2  
  136  15:19  Zergling x14  
  143  15:36  Adrenal Glands  
  143  15:44  Zerg Melee Weapons Level 1  
  143  15:45  Ravager x4  
  143  15:46  Unknown, Ravager x3  
  143  15:48  Zergling x14  
  135  16:33  Roach x4  
  135  16:35  Overlord, Drone  
  135  16:36  Overlord x2  
  135  16:37  Overlord  
  138  17:00  Zergling x2  
  129  17:01  Zergling x16  
  106  17:21  Zergling x18  
  109  17:39  Zergling x4  
  109  17:40  Zergling x6  
  114  17:46  Queen  
  116  18:32  Unknown, Hatchery  
  116  18:33  Extractor  
  112  18:34  Extractor  
  109  18:54  Zergling x2  
  109  18:55  Zergling x40  
  82  19:44  Unknown  
  55  20:17  Spawning Pool  
  54  21:03  Zergling x12  
  54  21:04  Zergling x58  
  74  21:06  Lair  
  88  21:27  Zergling x2  
  88  21:28  Zergling x2  
  85  22:16  Drone  
  71  22:31  Unknown, Hatchery  
  61  22:47  Drone  
  60  23:02  Unknown, Hatchery  
Tags
 
Add a new tag
Caveats
  • Supply blocks, unpowered buildings, or Contaminate may cause inaccurate times.
  • Supply counts are checked every 10 seconds.